 Dungeon Crawl Stone Soup version 0.28.0-53-g5a82cb258f (webtiles) character file.

Game seed: 2774054466503003319

243 Descartes the Grasshopper (level 6, -1/44 HPs)
             Began as a Formicid Warper on June 2, 2022.
             Slain by Grinder (6 damage)
             ... on level 4 of the Dungeon.
             The game lasted 00:08:05 (6069 turns).

Descartes the Grasshopper (Formicid Warper)         Turns: 6069, Time: 00:08:06

Health: -1/44      AC:  0    Str: 17    XL:     6   Next: 31%
Magic:  9/9        EV: 14    Int: 13    God:
Gold:   121        SH:  0    Dex: 10    Spells: 9/9 levels left

rFire   . . .      SeeInvis .   (weapon currently unavailable)
rCold   . . .      Faith    .   (shield currently unavailable)
rNeg    . . .      Spirit   .   (armour currently unavailable)
rPois   .          Reflect  .   (helmet unavailable)
rElec   .          Harm     .   (cloak currently unavailable)
rCorr   .          Rampage  .   (gloves currently unavailable)
Will    .....                   (boots currently unavailable)
Stlth   +.........              (no amulet)
HPRegen 0.14/turn               (ring currently unavailable)
MPRegen 0.11/turn               (ring currently unavailable)

@: pig-form, very quick
A: fast, no casting, permanent stasis, dig shafts and tunnels, small, (antennae
3), four strong arms
a: no special abilities


You were on level 4 of the Dungeon.
You were a filthy swine.
You visited 1 branch of the dungeon, and saw 4 of its levels.

You collected 121 gold pieces.

Inventory:

Hand Weapons
 a - a +0 hand axe (melded)
Missiles
 c - 5 boomerangs of dispersal (quivered)
 f - 221 stones
Armour
 g - a +0 chain mail (melded)
 q - a +0 pair of boots (melded)
 r - the +0 robe of the End {Will+}
   (You found it on level 3 of the Dungeon)

   Will:      It increases your willpower.
Scrolls
 b - a scroll of noise {unknown}
 d - a scroll of vulnerability {unknown}
 i - a scroll of enchant armour {unknown}
 j - a scroll of enchant weapon {unknown}
 k - a scroll of amnesia {unknown}
 l - a scroll of summoning {unknown}
 n - 3 scrolls of identify {unknown}
 o - a scroll of teleportation {unknown}
 s - a scroll of holy word {unknown}
Potions
 e - a potion of degeneration {unknown}
 h - a potion of cancellation {unknown}
 m - a potion of curing {unknown}
 p - a potion of heal wounds {unknown}


   Skills:
 - Level 2.1 Fighting
 + Level 3.5 Axes
 - Level 1.0 Throwing
 + Level 3.2 Armour
 - Level 1.7 Dodging
 + Level 3.2 Shields
 - Level 2.1 Spellcasting
 + Level 3.8 Translocations


You had 9 spell levels left.
You didn't know any spells.
Your spell library contained the following spells:

 Spells                   Type           Power      Damage    Failure   Level
 Gell's Gravitas          Tloc           11%        N/A       16%         3
 Lesser Beckoning         Tloc           11%        N/A       16%         3
 Teleport Other           Tloc           11%        N/A       16%         3
 Shock                    Conj/Air       4%         1d3       26%         1
 Manifold Assault         Tloc           11%        N/A       82%         5
 Airstrike                Air            0%         N/A       94%         4
 Blink                    Tloc           Unusable   N/A       N/A         2
 Swiftness                Air            Unusable   N/A       N/A         3

Dungeon Overview and Level Annotations

Branches:
Dungeon (4/15)
 Temple: D:4-7

Altars:

Shops:
D:2 *[(

Annotations:
D:4 Grinder


Innate Abilities, Weirdness & Mutations

You are a filthy swine.
You move quickly.
Your equipment is almost entirely melded.
You are incapable of wielding weapons or throwing items.
You cannot cast spells.
You cannot be hasted, slowed, berserked, paralysed or teleported.
You can dig through walls and to a lower floor.
((You have a pair of large antennae on your head. (SInv)))
Your four strong arms can wield two-handed weapons with a shield.


Message History

You are too injured to fight recklessly!
You are too injured to fight recklessly!
You are too injured to fight recklessly!
You closely miss Grinder.
Grinder is moderately wounded.
Grinder hits you but does no damage.
You slash Grinder!
Grinder is heavily wounded.
Grinder hits you but does no damage.
You barely miss Grinder.
Grinder is heavily wounded.
Grinder gestures at you.
You struggle to resist.
Grinder hits you but does no damage.
You closely miss Grinder.
Grinder is heavily wounded.
Grinder barely misses you.
You closely miss Grinder.
Grinder is heavily wounded.
Grinder blinks!
Grinder hits you.
You barely miss Grinder.
Grinder is heavily wounded.
Grinder gestures at you. Pain shoots through your body!
* * * LOW HITPOINT WARNING * * *
You hit Grinder.
Grinder is heavily wounded.
Grinder completely misses you.
You closely miss Grinder.
Grinder is heavily wounded.
Grinder zaps a wand.
You turn into a filthy swine.
Your +0 hand axe melds into your body.
Your +0 pair of boots melds into your body.
Your +0 chain mail melds into your body.
You closely miss Grinder.
Grinder is heavily wounded.
Grinder hits you!
* * * LOW HITPOINT WARNING * * *
You writhe in agony.
You die...

### #<# #†#
###.# #...##
#.#..# #.#h.#
#.#5.#
#.........#
+.........#
#.........#
...........#
.##.........#
# ..........#
#..........#


You could see Grinder.

Vanquished Creatures
  An orc priest (D:4)
  Natasha (thrice) (D:2)
  An orc wizard (D:3)
  Robin (D:1)
  An adder (D:2)
  A worm (D:2)
  3 dart slugs
  10 orcs
  4 ball pythons
  5 bats
  5 endoplasms
  A giant cockroach (D:3)
  14 goblins
  3 hobgoblins
  4 jackals (D:1)
  3 quokkas
  2 frilled lizards (D:1)
  7 kobolds
  3 rats
72 creatures vanquished.

Notes
Turn   | Place    | Note
-------+----------+-------------------------------------------
     0 | D:1      | Descartes the Formicid Warper began the quest for the Orb.
     0 | D:1      | Reached XP level 1. HP: 16/16 MP: 3/3
    55 | D:1      | Reached XP level 2. HP: 19/22 MP: 5/5
   395 | D:1      | Reached skill level 1 in Shields
   563 | D:1      | Found a faded altar of an unknown god.
  1087 | D:1      | Reached XP level 3. HP: 27/27 MP: 6/6
  1328 | D:2      | Found Exoahig's Antique Armour Emporium.
  1425 | D:2      | Noticed Robin
  1744 | D:1      | Killed Robin
  1807 | D:2      | Reached XP level 4. HP: 29/33 MP: 7/7
  1945 | D:2      | Found Zeugre's Weapon Emporium.
  2231 | D:2      | Noticed Natasha
  2691 | D:2      | Found Fipag's General Store.
  2709 | D:2      | Killed Natasha
  2710 | D:2      | Reached XP level 5. HP: 36/38 MP: 8/8
  2887 | D:2      | Noticed Natasha
  3774 | D:3      | Identified the +0 robe of the End {Will+}
  3999 | D:2      | Killed Natasha
  4252 | D:2      | Found Zeugre's Weapon Emporium.
  4302 | D:2      | Found Exoahig's Antique Armour Emporium.
  4430 | D:2      | Noticed Natasha
  4439 | D:2      | Killed Natasha
  4575 | D:2      | Found Fipag's General Store.
  5189 | D:3      | Reached XP level 6. HP: 38/44 MP: 9/9
  5334 | D:4      | Noticed an ogre
  5461 | D:3      | HP: 2/44 [ogre/+0 giant club (20)]
  5904 | D:4      | Noticed Grinder
  6069 | D:4      | Slain by Grinder

Illustrated notes

Levels and vault maps discovered:
D:1:      scummos_arrival_simple_crosswalls, layout_basic,
          ebering_ecumenical_altar_sacrificial,
          wander_ebering_terrifying_dragon_lair
D:2:      wander_river, layout_loops_ring, serial_shops,
          nicolae_shop_bloodbath_and_beyond, shop, nicolae_shop_hallway_stairs,
          uniq_natasha, uniq_robin
D:3:      layout_basic
D:4:      layout_basic, minmay_temple_entry_slanted, serial_shops,
          nicolae_shop_temple_entry_statues_fountains, minmay_snake_closets,
          uniq_grinder

Skill      XL: |  1  2  3  4  5 |
---------------+----------------+-----
Shields        | 1 2 3 |  3.2
Translocations | 3 |  3.8
Armour         | 2 3 |  3.2
Axes           | 3 |  3.5
Fighting       | |  2.1
Throwing       | |  1.0
Dodging        | |  1.7
Spellcasting   | |  2.1

Action                   |  1- 3 |  4- 6 || total
-------------------------+-------+-------++-------
Melee: Hand axe          |   109 |   211 ||   320
       Punch             |     2 |     1 ||     3
       Unarmed           |       |     1 ||     1
Armor: Leather armour    |    14 |       ||    14
       Chain mail        |    44 |   116 ||   160
       Skin              |       |    13 ||    13
Dodge: Dodged            |    66 |    82 ||   148
